| TOP OF THE 1ST |
|
Detroit (APP) Tigers batting - Pitching for Greeneville Astros : RHP David Sanchez
|
|
Pitching: RHP David Sanchez
|
|
|
Batting: RHB Kevin Steed
|
0-0: Called Strike 0-1: Ball 1-1: Ball 2-1: Ball 3-1: Base on Balls
|
|
Batting: RHB Alex Duarte
|
0-0: Ball 1-0: Swinging Strike 1-1: Called Strike 1-2: Strikes out swinging
|
|
Batting: RHB Nate Dabney
|
0-0: 2-RUN HOME RUN (Flyball, 7LD, EV 91.2 MPH), Distance : 345 ft
|
|
Batting: LHB Brad Gaskill
|
0-0: Ball 1-0: Foul Ball, location: 2F 1-1: Ball 2-1: Foul Ball, location: 2F 2-2: Ball 3-2: Hit by Pitch
|
|
Batting: RHB Jeremiah Washington
|
0-0: Foul Ball, location: 2F 0-1: SINGLE (Line Drive, 78M, EV 99.4 MPH) Brad Gaskill to second
|
|
Batting: RHB Jamie Villagrana
|
0-0: Ball 1-0: Ball 2-0: Fly out, F3 (Popup, 3, EV 64.4 MPH)
|
|
Batting: RHB Jorge Lebron
|
0-0: Called Strike 0-1: SINGLE (Groundball, 4D, EV 96.9 MPH) Brad Gaskill to third Jeremiah Washington to second Runner from 3rd tries for Home, throw by CF and OUT! 8-2
|
| Top of the 1st over - 2 runs, 3 hits, 0 errors, 2 left on base; Detroit (APP) 2 - Greeneville 0 |
| BOTTOM OF THE 1ST |
|
Greeneville Astros batting - Pitching for Detroit (APP) Tigers : RHP Cam Hurley
|
|
Pitching: RHP Cam Hurley
|
|
|
Batting: RHB Bill Borden
|
0-0: Hit by Pitch
|
|
Batting: LHB Guadalupe Gonzalez
|
0-0: Ball Bill Borden steals 2nd base 1-0: Ball 2-0: Ball 3-0: Called Strike 3-1: Foul Ball, location: 2F 3-2: SINGLE (Groundball, 56, EV 96.2 MPH) Bill Borden to third
|
|
Batting: LHB Bert Middleton
|
0-0: Ball 1-0: Ball 2-0: Foul Ball, location: 2F 2-1: Swinging Strike 2-2: Foul Ball, location: 2F 2-2: Ball 3-2: Strikes out swinging
|
|
Batting: RHB Jamie Walker
|
0-0: Called Strike 0-1: Called Strike Guadalupe Gonzalez steals 2nd base 0-2: Ball 1-2: Ball 2-2: Foul Ball, location: 2F 2-2: SINGLE (Line Drive, 89M, EV 107.5 MPH) Bill Borden scores Guadalupe Gonzalez to third Runner from 3rd tries for Home, SAFE, throw by CF to home
|
|
Batting: SHB Rory Mozer
|
0-0: Called Strike 0-1: Ball 1-1: Ball 2-1: Fly out, F8 (Flyball, 8LS, EV 71.9 MPH)
|
|
Batting: RHB Tim Williams
|
0-0: Called Strike 0-1: Ball 1-1: Ball 2-1: Called Strike Jamie Walker is caught stealing 2nd base 2-4
|
| Bottom of the 1st over - 2 runs, 2 hits, 0 errors, 0 left on base; Detroit (APP) 2 - Greeneville 2 |
| TOP OF THE 2ND |
|
Detroit (APP) Tigers batting - Pitching for Greeneville Astros : RHP David Sanchez
|
|
Batting: RHB Cody Kafer
|
0-0: Called Strike 0-1: Fly out, F9 (Flyball, 89M, EV 83.8 MPH)
|
|
Batting: RHB Rick Brinkmann
|
0-0: Swinging Strike 0-1: Called Strike 0-2: Ball 1-2: Foul Ball, location: 2F 1-2: Strikes out looking
|
|
Batting: RHB Kevin Steed
|
0-0: Ball 1-0: Called Strike 1-1: Ball 2-1: Foul Ball, location: 2F 2-2: Ball 3-2: Fly out, F8 (Flyball, 8LS, EV 94.4 MPH)
|
| Top of the 2nd over - 0 runs, 0 hits, 0 errors, 0 left on base; Detroit (APP) 2 - Greeneville 2 |
| BOTTOM OF THE 2ND |
|
Greeneville Astros batting - Pitching for Detroit (APP) Tigers : RHP Cam Hurley
|
|
Batting: RHB Tim Williams
|
0-0: Called Strike 0-1: Foul Ball, location: 2F 0-2: Foul Ball, location: 2F 0-2: Ball 1-2: Foul Ball, location: 2F 1-2: Ball 2-2: Ground out U3 (Groundball, 34, EV 106.2 MPH)
|
|
Batting: RHB Josh Reisner
|
0-0: Ball 1-0: Ball 2-0: SINGLE (Groundball, 34D, EV 98.1 MPH)
|
|
Batting: RHB Mike Brisbin
|
0-0: Ball 1-0: Ball 2-0: Fly out, F9 (Flyball, 9S, EV 88.1 MPH)
|
|
Batting: RHB Kenny Beall
|
0-0: Swinging Strike 0-1: 2-RUN HOME RUN (Flyball, 7D, EV 96.9 MPH), Distance : 388 ft
|
|
Batting: RHB Bill Borden
|
0-0: Ball 1-0: Ball 2-0: SINGLE (Flyball, 6D, EV 89.4 MPH)
|
|
Batting: LHB Guadalupe Gonzalez
|
0-0: Swinging Strike 0-1: Foul Ball, location: 2F 0-2: Fly out, F8 (Flyball, 8RD, EV 96.9 MPH)
|
| Bottom of the 2nd over - 2 runs, 3 hits, 0 errors, 1 left on base; Detroit (APP) 2 - Greeneville 4 |
| TOP OF THE 3RD |
|
Detroit (APP) Tigers batting - Pitching for Greeneville Astros : RHP David Sanchez
|
|
Batting: RHB Alex Duarte
|
0-0: Ball 1-0: Ball 2-0: Called Strike 2-1: Called Strike 2-2: Strikes out looking
|
|
Batting: RHB Nate Dabney
|
0-0: Called Strike 0-1: Called Strike 0-2: Foul Ball, location: 2F 0-2: Ball 1-2: Ball 2-2: Strikes out looking
|
|
Batting: LHB Brad Gaskill
|
0-0: Ball 1-0: Ball 2-0: Ball 3-0: Called Strike 3-1: Ground out U3 (Groundball, 23, EV 82.5 MPH)
|
| Top of the 3rd over - 0 runs, 0 hits, 0 errors, 0 left on base; Detroit (APP) 2 - Greeneville 4 |
| BOTTOM OF THE 3RD |
|
Greeneville Astros batting - Pitching for Detroit (APP) Tigers : RHP Cam Hurley
|
|
Batting: LHB Bert Middleton
|
0-0: Fly out, F9 (Flyball, BS7, EV 106.9 MPH)
|
|
Batting: RHB Jamie Walker
|
0-0: Called Strike 0-1: SINGLE (Line Drive, 89M, EV 89.4 MPH)
|
|
Batting: SHB Rory Mozer
|
0-0: Ball 1-0: Ball 2-0: Fly out, F9 (Line Drive, 9S, EV 93.1 MPH)
|
|
Batting: RHB Tim Williams
|
0-0: Ball 1-0: Ball Jamie Walker is caught stealing 2nd base 2-4
|
| Bottom of the 3rd over - 0 runs, 1 hit, 0 errors, 0 left on base; Detroit (APP) 2 - Greeneville 4 |
| TOP OF THE 4TH |
|
Detroit (APP) Tigers batting - Pitching for Greeneville Astros : RHP David Sanchez
|
|
Batting: RHB Jeremiah Washington
|
0-0: Called Strike 0-1: Ball 1-1: Swinging Strike 1-2: Strikes out swinging
|
|
Batting: RHB Jamie Villagrana
|
0-0: Called Strike 0-1: Swinging Strike 0-2: Ball 1-2: Ball 2-2: Ball 3-2: SINGLE (Groundball, 4MD, EV 95.0 MPH)
|
|
Batting: RHB Jorge Lebron
|
0-0: Ball 1-0: Fly out, F9 (Flyball, 89M, EV 76.2 MPH)
|
|
Batting: RHB Cody Kafer
|
0-0: Ball 1-0: Swinging Strike 1-1: Called Strike 1-2: Strikes out swinging
|
| Top of the 4th over - 0 runs, 1 hit, 0 errors, 1 left on base; Detroit (APP) 2 - Greeneville 4 |
| BOTTOM OF THE 4TH |
|
Greeneville Astros batting - Pitching for Detroit (APP) Tigers : RHP Cam Hurley
|
|
Batting: RHB Tim Williams
|
0-0: Ball 1-0: Swinging Strike 1-1: Swinging Strike 1-2: Strikes out looking
|
|
Batting: RHB Josh Reisner
|
0-0: Ball 1-0: Foul Ball, location: 2F 1-1: Ball 2-1: Ground out 5-3 (Groundball, 56S, EV 71.9 MPH)
|
|
Batting: RHB Mike Brisbin
|
0-0: Called Strike 0-1: Swinging Strike 0-2: Ball 1-2: Strikes out swinging
|
| Bottom of the 4th over - 0 runs, 0 hits, 0 errors, 0 left on base; Detroit (APP) 2 - Greeneville 4 |
| TOP OF THE 5TH |
|
Detroit (APP) Tigers batting - Pitching for Greeneville Astros : RHP David Sanchez
|
|
Batting: RHB Rick Brinkmann
|
0-0: Ball 1-0: Fly out, F7 (Flyball, 7, EV 84.4 MPH)
|
|
Batting: RHB Kevin Steed
|
0-0: Foul Ball, location: 2F 0-1: Foul Ball, location: 2F 0-2: Foul Ball, location: 2F 0-2: Foul Ball, location: 2F 0-2: Ball 1-2: Ground out 4-3 (Groundball, 4, EV 106.2 MPH)
|
|
Batting: RHB Alex Duarte
|
0-0: Ball 1-0: Foul Ball, location: 2F 1-1: Ball 2-1: Ball 3-1: Swinging Strike 3-2: Strikes out swinging
|
| Top of the 5th over - 0 runs, 0 hits, 0 errors, 0 left on base; Detroit (APP) 2 - Greeneville 4 |
| BOTTOM OF THE 5TH |
|
Greeneville Astros batting - Pitching for Detroit (APP) Tigers : RHP Cam Hurley
|
|
Batting: RHB Kenny Beall
|
0-0: Ball 1-0: Called Strike 1-1: Swinging Strike 1-2: Strikes out swinging
|
|
Batting: RHB Bill Borden
|
0-0: Called Strike 0-1: Ball 1-1: Swinging Strike 1-2: Foul Ball, location: 2F 1-2: Ball 2-2: Ball 3-2: Foul Ball, location: 2F 3-2: Foul Ball, location: 2F 3-2: Base on Balls
|
|
Pitching: RHP Alvaro Patino
|
|
|
Batting: LHB Guadalupe Gonzalez
|
0-0: Ball 1-0: Ball 2-0: Foul Ball, location: 2F 2-1: Fielders Choice at 2nd, 4-6 (Groundball, 4, EV 81.9 MPH)
|
|
Batting: LHB Bert Middleton
|
0-0: Ground out 4-3 (Groundball, 4D, EV 81.9 MPH)
|
| Bottom of the 5th over - 0 runs, 0 hits, 0 errors, 1 left on base; Detroit (APP) 2 - Greeneville 4 |
| TOP OF THE 6TH |
|
Detroit (APP) Tigers batting - Pitching for Greeneville Astros : RHP David Sanchez
|
|
Pitching: LHP Jeremy Mellott
|
|
|
Batting: RHB Nate Dabney
|
0-0: Ball 1-0: Ball 2-0: Ball 3-0: Base on Balls
|
|
Batting: LHB Brad Gaskill
|
0-0: Called Strike 0-1: Swinging Strike 0-2: Ball Wild Pitch! Nate Dabney to second 1-2: Foul Ball, location: 2F 1-2: Ball 2-2: Strikes out swinging
|
|
Batting: RHB Jeremiah Washington
|
0-0: Foul Ball, location: 2F 0-1: Called Strike 0-2: Ball 1-2: Ball 2-2: Strikes out swinging
|
|
Batting: RHB Jamie Villagrana
|
0-0: Ball 1-0: Ball 2-0: Ball Passed Ball! Nate Dabney to third 3-0: Called Strike 3-1: Base on Balls
|
|
Batting: RHB Jorge Lebron
|
0-0: Ball 1-0: Swinging Strike 1-1: Ball 2-1: Swinging Strike 2-2: Ball 3-2: Strikes out swinging
|
| Top of the 6th over - 0 runs, 0 hits, 0 errors, 2 left on base; Detroit (APP) 2 - Greeneville 4 |
| BOTTOM OF THE 6TH |
|
Greeneville Astros batting - Pitching for Detroit (APP) Tigers : RHP Alvaro Patino
|
|
Batting: RHB Jamie Walker
|
0-0: Ball 1-0: Called Strike 1-1: Called Strike 1-2: Ball 2-2: Ball 3-2: TRIPLE (Flyball, 9D, EV 94.4 MPH)
|
|
Batting: SHB Rory Mozer
|
0-0: Intentional Walk
|
|
Batting: RHB Tim Williams
|
0-0: Ball 1-0: Ball Wild Pitch! Jamie Walker scores Rory Mozer to second 2-0: Intentional Walk
|
|
Batting: RHB Josh Reisner
|
0-0: Ball 1-0: Foul Ball, location: 2F 1-1: Swinging Strike 1-2: Ball Wild Pitch! Rory Mozer to third Tim Williams to second 2-2: Strikes out swinging, 2-3 out at first.
|
|
Batting: RHB Mike Brisbin
|
0-0: Intentional Walk
|
|
Batting: RHB Kenny Beall
|
0-0: Ball 1-0: Ball 2-0: Called Strike 2-1: Ball 3-1: Base on Balls Rory Mozer scores Tim Williams to third Mike Brisbin to second
|
|
Batting: RHB Bill Borden
|
0-0: DOUBLE (Line Drive, 89D, EV 100.6 MPH) Tim Williams scores Mike Brisbin scores Kenny Beall to third
|
|
Pitching: RHP Nick Brooks
|
|
|
Batting: LHB Guadalupe Gonzalez
|
0-0: Foul Ball, location: 2F 0-1: Ball 1-1: Ball 2-1: Ball 3-1: Base on Balls
|
|
Batting: LHB Bert Middleton
|
0-0: Ball 1-0: Foul Ball, location: 2F 1-1: Foul Ball, location: 2F 1-2: Ball 2-2: Ground out 4-3 (Groundball, 34D, EV 99.4 MPH) Kenny Beall scores Bill Borden to third Guadalupe Gonzalez to second
|
|
Batting: RHB Jamie Walker
|
0-0: Ball 1-0: Foul Ball, location: 2F 1-1: Ball 2-1: Ball 3-1: Called Strike 3-2: Strikes out swinging
|
| Bottom of the 6th over - 5 runs, 2 hits, 0 errors, 2 left on base; Detroit (APP) 2 - Greeneville 9 |
| TOP OF THE 7TH |
|
Detroit (APP) Tigers batting - Pitching for Greeneville Astros : LHP Jeremy Mellott
|
|
Batting: RHB Cody Kafer
|
0-0: Foul Ball, location: 2F 0-1: Ground out 5-3 (Groundball, 56, EV 109.4 MPH)
|
|
Batting: RHB Rick Brinkmann
|
0-0: Called Strike 0-1: Ball 1-1: Swinging Strike 1-2: Strikes out swinging
|
|
Pinch Hitting: SHB Franklin Garza
|
0-0: Called Strike 0-1: Called Strike 0-2: Strikes out swinging
|
| Top of the 7th over - 0 runs, 0 hits, 0 errors, 0 left on base; Detroit (APP) 2 - Greeneville 9 |
| BOTTOM OF THE 7TH |
|
Greeneville Astros batting - Pitching for Detroit (APP) Tigers : RHP Nick Brooks
|
|
Now at 1B: Franklin Garza
|
|
|
Batting: SHB Rory Mozer
|
0-0: Ball 1-0: Ground out U3 (Groundball, 34S, EV 88.1 MPH)
|
|
Batting: RHB Tim Williams
|
0-0: Ground out U3 (Groundball, 34S, EV 88.8 MPH)
|
|
Batting: RHB Josh Reisner
|
0-0: SINGLE (Line Drive, 9S, EV 110.0 MPH)
|
|
Batting: RHB Mike Brisbin
|
0-0: Ball 1-0: Fielders Choice at 2nd, 5-4 (Groundball, 5L, EV 111.9 MPH)
|
| Bottom of the 7th over - 0 runs, 1 hit, 0 errors, 1 left on base; Detroit (APP) 2 - Greeneville 9 |
| TOP OF THE 8TH |
|
Detroit (APP) Tigers batting - Pitching for Greeneville Astros : LHP Jeremy Mellott
|
|
Batting: RHB Alex Duarte
|
0-0: Ball 1-0: Called Strike 1-1: Ball 2-1: Called Strike 2-2: Foul Ball, location: 2F 2-2: Ball 3-2: Base on Balls
|
|
Batting: RHB Nate Dabney
|
0-0: Ball 1-0: Grounds into double play, 6-4-3 (Groundball, 56, EV 80.6 MPH)
|
|
Batting: LHB Brad Gaskill
|
0-0: Foul Ball, location: 2F 0-1: Foul Ball, location: 2F 0-2: Foul Ball, location: 2F 0-2: SOLO HOME RUN (Flyball, 89XD, EV 105.6 MPH), Distance : 396 ft
|
|
Batting: RHB Jeremiah Washington
|
0-0: DOUBLE (Line Drive, 7LM, EV 108.1 MPH)
|
|
Batting: RHB Jamie Villagrana
|
0-0: Called Strike 0-1: Foul Ball, location: 2F 0-2: Ground out 4-3 (Groundball, 4MS, EV 84.4 MPH)
|
| Top of the 8th over - 1 run, 2 hits, 0 errors, 1 left on base; Detroit (APP) 3 - Greeneville 9 |
| BOTTOM OF THE 8TH |
|
Greeneville Astros batting - Pitching for Detroit (APP) Tigers : RHP Nick Brooks
|
|
Batting: RHB Kenny Beall
|
0-0: Fly out, F9 (Flyball, 89M, EV 88.1 MPH)
|
|
Batting: RHB Bill Borden
|
0-0: SINGLE (Groundball, 5S, EV 73.8 MPH) (infield hit)
|
|
Batting: LHB Guadalupe Gonzalez
|
0-0: Ball 1-0: Ball Bill Borden is caught stealing 2nd base 2-6 2-0: Ground out 4-3 (Groundball, 4, EV 91.9 MPH)
|
| Bottom of the 8th over - 0 runs, 1 hit, 0 errors, 0 left on base; Detroit (APP) 3 - Greeneville 9 |
| TOP OF THE 9TH |
|
Detroit (APP) Tigers batting - Pitching for Greeneville Astros : LHP Jeremy Mellott
|
|
Batting: RHB Jorge Lebron
|
0-0: Ball 1-0: Foul Ball, location: 2F 1-1: Ball 2-1: Ground out 1-3 (Groundball, 15S, EV 75.6 MPH)
|
|
Batting: RHB Cody Kafer
|
0-0: Called Strike 0-1: Called Strike 0-2: Ball 1-2: Strikes out swinging
|
|
Pinch Hitting: LHB Glen Boyle
|
0-0: Ball 1-0: Foul Ball, location: 2F 1-1: SINGLE (Groundball, 4MD, EV 101.9 MPH)
|
|
Batting: SHB Franklin Garza
|
0-0: Ball 1-0: Ball Passed Ball! Glen Boyle to second 2-0: Fly out, F3 (Popup, 3SF, EV 77.5 MPH)
|
| Top of the 9th over - 0 runs, 1 hit, 0 errors, 1 left on base; Detroit (APP) 3 - Greeneville 9 |
|